 Dungeon Crawl Stone Soup version 0.26.1-11-gd32895ea62 (webtiles) character file.

Game seed: 15884769910073402675

906 Almogavar the Chopper (level 8, -2/69 HPs)
             Began as a Hill Orc Fighter on May 10, 2021.
             Slain by a two-headed ogre
             ... wielding a +0 giant club
              (15 damage)
             ... on level 4 of the Dungeon.
             The game lasted 00:08:36 (4124 turns).

Almogavar the Chopper (Hill Orc Fighter)            Turns: 4124, Time: 00:08:36

Health: -2/69      AC: 10    Str: 21    XL:     8   Next: 8%
Magic:  8/8        EV:  8    Int:  8    God:
Gold:   165        SH: 10    Dex: 10    Spells: 7/7 levels left

rFire    x . .     SeeInvis .   a - +0 war axe
rCold    + . .     Faith    .   c - +0 kite shield
rNeg     . . .     Spirit   .   b - +0 scale mail
rPois    .         Reflect  .   m - +0 helmet
rElec    .         Harm     .   p - +0 cloak
rCorr    .         Rampage  .   (no gloves)
Will     .....                  (no boots)
Stlth    ..........             (no amulet)
HPRegen  0.21/turn              t - ring of ice
MPRegen  0.11/turn              (no ring)

@: no status effects
A: no striking features
a: no special abilities


You were on level 4 of the Dungeon.
You visited 1 branch of the dungeon, and saw 4 of its levels.

You collected 165 gold pieces.

Inventory:

Hand Weapons
 a - a +0 war axe (weapon)
Missiles
 h - 5 boomerangs
 s - 2 poisoned darts (quivered)
Armour
 b - a +0 scale mail (worn)
 c - a +0 kite shield (worn)
 m - a +0 helmet (worn)
 p - a +0 cloak (worn)
Jewellery
 t - a ring of ice (left hand)
Wands
 l - a wand of flame (17)
Scrolls
 f - 2 scrolls of remove curse
 g - a scroll of fog
 j - a scroll of enchant armour
 o - 2 scrolls of enchant weapon
 q - a scroll of amnesia {unknown}
Potions
 d - a potion of haste {unknown}
 e - 3 potions of curing
 i - 2 potions of attraction {unknown}
 k - a potion of heal wounds
 n - a potion of degeneration {unknown}
 r - a potion of mutation {unknown}


   Skills:
 + Level 5.5 Fighting
 + Level 7.3 Axes
 + Level 0.9 Throwing
 + Level 5.6 Armour
 + Level 1.4 Dodging
 + Level 5.3 Shields


You had 7 spell levels left.
You didn't know any spells.
Your spell library was empty.

Dungeon Overview and Level Annotations

Branches:
Dungeon (4/15)
 Temple: D:4-7

Altars:


Message History

The two-headed ogre looks more healthy.
You block the two-headed ogre's attack. x2
Throw: 4 darts (poison)
Press: ? - help, Q - select action, (/) - cycle Shift-Dir - straight line, f/p - two-headed ogre
Aim: a two-headed ogre, wielding two +0 giant clubs (severely wounded, 73% to hit)
You throw a poisoned dart.
The poisoned dart hits the two-headed ogre.
The two-headed ogre is severely wounded.
You block the two-headed ogre's attack.
The two-headed ogre hits you with a +0 giant club!
* * * LOW HITPOINT WARNING * * *
Throw: 3 darts (poison)
Press: ? - help, Q - select action, (/) - cycle Shift-Dir - straight line, f/p - two-headed ogre
Aim: a two-headed ogre, wielding two +0 giant clubs (severely wounded, 73% to hit)
You throw a poisoned dart.
The poisoned dart hits the two-headed ogre.
The two-headed ogre is severely wounded.
You hit the two-headed ogre.
The two-headed ogre is heavily wounded.
The two-headed ogre hits you with a +0 giant club!
You die...

### ####.######
##.........####
##.............#
##..............#
##...............##
##....(......##....##
##...O@......#####...##
##.....>...>..## ##...#
##.#####........# ##...
##.## #......>.## ##..
##..# #.........## ##.
#...# #....###...## #.
##..# #....####...###
#. ##..# ##....#
##....###. #...#
##...## ##.......


You could see a two-headed ogre.

Vanquished Creatures
  Sigmund (D:3)
  Eustachio (D:4)
  Edmund (D:4)
  A phantom (D:4)
  An ogre (D:4)
  A hound (D:4)
  An iguana (D:4)
  6 worker ants (D:4)
  Robin (D:3)
  2 adders
  4 oozes
  2 worms
  5 dart slugs (D:1)
  2 leopard geckos
  2 orcs (D:3)
  4 bats
  9 giant cockroaches
  10 goblins
  7 hobgoblins
  3 ball pythons
  5 kobolds
  A leopard gecko skeleton (D:4)
  7 rats
77 creatures vanquished.

Notes
Turn   | Place    | Note
-------+----------+-------------------------------------------
     0 | D:1      | Almogavar the Hill Orc Fighter began the quest for the Orb.
     0 | D:1      | Reached XP level 1. HP: 19/19 MP: 1/1
    28 | D:1      | Reached XP level 2. HP: 17/27 MP: 2/2
   677 | D:1      | Reached XP level 3. HP: 33/33 MP: 3/3
   732 | D:1      | Reached skill level 3 in Axes
  1021 | D:2      | You fall into a shaft and drop 2 floors!
  1031 | D:4      | Reached XP level 4. HP: 29/41 MP: 4/4
  1331 | D:3      | Noticed Robin
  1345 | D:3      | Killed Robin
  1346 | D:3      | Reached skill level 4 in Axes
  1346 | D:3      | Reached XP level 5. HP: 4/47 MP: 5/5
  2399 | D:3      | Noticed Sigmund
  2688 | D:3      | Killed Sigmund
  2689 | D:3      | Reached skill level 5 in Axes
  2689 | D:3      | Reached skill level 1 in Dodging
  2689 | D:3      | Reached XP level 6. HP: 19/55 MP: 6/6
  3234 | D:4      | Reached skill level 5 in Fighting
  3297 | D:4      | Noticed Eustachio
  3316 | D:4      | Reached skill level 5 in Armour
  3320 | D:4      | Killed Eustachio
  3321 | D:4      | Reached skill level 6 in Axes
  3321 | D:4      | Reached XP level 7. HP: 35/61 MP: 7/7
  3471 | D:4      | Noticed Edmund
  3489 | D:4      | Killed Edmund
  3490 | D:4      | Reached skill level 5 in Shields
  3490 | D:4      | Noticed a two-headed ogre
  3858 | D:4      | Reached skill level 7 in Axes
  3894 | D:4      | Reached XP level 8. HP: 57/69 MP: 8/8
  4124 | D:4      | Slain by a two-headed ogre

Illustrated notes

Levels and vault maps discovered:
D:1:      dpeg_arrival_tiny_h, layout_basic, hangedman_decor_points
D:2:      layout_rooms
D:3:      layout_basic, uniq_sigmund, uniq_robin
D:4:      layout_layer_cave, uniq_edmund, uniq_eustachio

Skill      XL: |  1  2  3  4  5  6  7 |
---------------+----------------------+-----
Fighting       | 4 5 |  5.5
Axes           | 3 4 5 6 7 |  7.3
Shields        | 4 5 |  5.3
Armour         | 4 5 |  5.6
Dodging        | 1 |  1.4
Throwing       | |  0.9

Action                   |  1- 3 |  4- 6 |  7- 9 || total
-------------------------+-------+-------+-------++-------
Melee: War axe           |    71 |   186 |    52 ||   309
Throw: Dart              |       |     2 |    14 ||    16
       Boomerang         |       |       |     4 ||     4
  Use: Scroll            |     2 |     7 |     2 ||    11
       Potion            |       |     1 |       ||     1
Armor: Scale mail        |    29 |    94 |    15 ||   138
Dodge: Dodged            |    26 |    66 |    13 ||   105
Block: Kite shield       |    34 |    92 |    28 ||   154
